 Dungeon Crawl Stone Soup version 0.28.0-53-g5a82cb258f (webtiles) character file.

Game seed: 14673140904663158868

5 Sin92 the Magician (level 1, -1/13 HPs)
             Began as a Demonspawn Hedge Wizard on July 14, 2022.
             Succumbed to an adder's poison
             ... on level 2 of the Dungeon.
             The game lasted 00:00:32 (418 turns).

Sin92 the Magician (Demonspawn Hedge Wizard)         Turns: 418, Time: 00:00:32

Health: -1/13      AC:  2    Str: 10    XL:     1   Next: 66%
Magic:  4/4        EV: 12    Int: 15    God:
Gold:   10         SH:  0    Dex: 12    Spells: 5/6 levels left

rFire   . . .      SeeInvis .   a - +0 dagger
rCold   . . .      Faith    .   (no shield)
rNeg    . . .      Spirit   .   b - +0 robe
rPois   .          Reflect  .   c - +0 hat
rElec   .          Harm     .   (no cloak)
rCorr   .          Rampage  .   (no gloves)
Will    .....                   (no boots)
Stlth   ++........              (no amulet)
HPRegen 0.04/turn               (no ring)
MPRegen 0.09/turn               (no ring)

@: lethally poisoned (-1 -> -10)
A: no striking features
a: no special abilities


You were on level 2 of the Dungeon.
You visited 1 branch of the dungeon, and saw 2 of its levels.

You collected 10 gold pieces.

Inventory:

Hand Weapons
 a - a +0 dagger (weapon)
Armour
 b - a +0 robe (worn)
 c - a +0 hat (worn)
Scrolls
 e - a scroll of amnesia


   Skills:
 + Level 0.2 Fighting
 + Level 0.1 Short Blades
 + Level 1.8 Dodging
 + Level 1.8 Stealth
 + Level 3.0 Spellcasting
 + Level 1.1 Conjurations
 - Level 1.0 Summonings
 + Level 1.0 Translocations


You had 5 spell levels left.
You knew the following spells:

 Your Spells              Type           Power      Damage    Failure   Level
a - Magic Dart            Conj           20%        1d4       12%         1

Your spell library contained the following spells:

 Spells                   Type           Power      Damage    Failure   Level
 Slow                     Hex            8%         N/A       21%         1
 Blink                    Tloc           10%        N/A       21%         2
 Call Imp                 Summ           5%         N/A       21%         2
 Conjure Flame            Conj/Fire      4%         6-21      43%         3
 Mephitic Cloud           Conj/Pois/Air  3%         N/A       45%         3
 Ignite Poison            Fire/Tmut/Pois 2%         N/A       52%         3
 Sticky Flame             Conj/Fire      4%         2d3       83%         4


Dungeon Overview and Level Annotations

Branches:
Dungeon (1/15)

Altars:


Message History

You start resting.
Your magical contamination has completely faded away.
You start resting.
Magic restored.
You start resting.
You start resting.
HP restored.
A sourceless malevolence fills the Dungeon...
You fall into a shaft and drop 1 floor!
The shaft crumbles and collapses. 2 adders come into view.
A ball python comes into view.
The ball python hisses angrily.
There are monsters nearby!
The helpless adder fails to defend itself.
You puncture the adder!
The adder is severely wounded.
The adder bites you.
You are poisoned.
The adder poisons you! The adder misses you.
There are monsters nearby!
You closely miss the adder. You punch the adder.
The adder is almost dead.
You feel sick. The adder bites you. x2
You are more poisoned.
The adder poisons you! The adder closely misses you.
There is a lethal amount of poison in your body!
You are too injured to fight recklessly!
You are too injured to fight recklessly!
There is a lethal amount of poison in your body!
Unknown command.
You are too injured to fight recklessly!
* * * LOW HITPOINT WARNING * * *
You feel very sick.
You aren't carrying any potions.
You aren't carrying any potions.
As you read the scroll labelled DAUR WUMMAMI, it crumbles to dust.
It is a scroll of identify.
e - a scroll of amnesia You die...

#........#
#........#
#........# .
####........# ..
#...........#
...#.....#.#####
#.S..#...#
##....#.###
#....SS@#
.......###
#...... ...#.$.
.. #### .


You could see 2 adders and a ball python.

Vanquished Creatures
  A dart slug (D:1)
  A ball python (D:1)
  A frilled lizard (D:1)
  A goblin (D:1)
  A rat (D:1)
5 creatures vanquished.

Notes
Turn   | Place    | Note
-------+----------+-------------------------------------------
     0 | D:1      | Sin92 the Demonspawn Hedge Wizard began the quest for the
                  | Orb.
     0 | D:1      | Reached XP level 1. HP: 13/13 MP: 4/4
   119 | D:1      | Reached skill level 1 in Translocations
   404 | D:1      | You fall into a shaft and drop 1 floor!
   418 | D:2      | Succumbed to an adder's poison

Illustrated notes

Levels and vault maps discovered:
D:1:      nzn_arrival_water_spiral, layout_rooms,
          shapermc_ecumenical_altar_mp_vishouse, hex_large
D:2:      layout_rooms, corexii_shack

Skill      XL: |  1 |
---------------+----+-----
Translocations | 1 |  1.0
Fighting       | |  0.2
Short Blades   | |  0.1
Dodging        | |  1.8
Stealth        | |  1.8
Spellcasting   | |  3.0
Conjurations   | |  1.1
Summonings     | |  1.0

Action                   || total
-------------------------++-------
Melee: Dagger            ||     5
       Punch             ||     1
 Cast: Magic Dart        ||     5
  Use: Scroll            ||     1
 Stab: Sleeping          ||     2
Dodge: Dodged            ||     3
